 Dungeon Crawl Stone Soup version bcrawl-1.19.2-6-g6a88ae04c9 (webtiles) character file.

Game seed: 11513448464750459360

23 Freyura the Shield-Bearer (level 2, -3/29 HPs)
             Began as a Gnoll Fighter on Jan 4, 2020.
             Slain by Sigmund
             ... wielding a +2 scythe of slicing
              (10 damage)
             ... on level 2 of the Dungeon.
             The game lasted 00:03:01 (1241 turns).

Freyura the Shield-Bearer (Gnoll Fighter)           Turns: 1241, Time: 00:03:01

Health: -3/29      AC:  9    Str: 18    XL:     2   Next: 95%
Magic:  2/2        EV:  8    Int: 10    God:
Gold:   35         SH: 10    Dex: 14    Spells: 2/2 levels left

rFire    . . .     SeeInvis .   a - +0 flail
rCold    . . .     Gourm    .   c - +0 shield
rNeg     . . .     Faith    .   b - +0 scale mail
rPois    .         Spirit   .   (no helmet)
rElec    .         Reflect  .   (no cloak)
rCorr    .         Harm     .   e - +0 pair of gloves
MR       .....                  (no boots)
Stlth    ..........             (no amulet)
HPRegen  0.09/turn              (no ring)
MPRegen  0.08/turn              (no ring)

@: no status effects
A: distributed training, fangs 1, strong nose
a: no special abilities


You were on level 2 of the Dungeon.
You were not hungry.

You visited 1 branch of the dungeon, and saw 2 of its levels.

You collected 35 gold pieces.

Inventory:

Hand Weapons
 a - a +0 flail (weapon)
Armour
 b - a +0 scale mail (worn)
 c - a +0 shield (worn)
 e - a +0 pair of gloves (worn)
Scrolls
 g - a scroll of teleportation {unknown}
 h - a scroll of identify {unknown}
 i - a scroll of remove curse {unknown}
 j - a scroll of enchant armour {unknown}
 l - a scroll of magic mapping {unknown}
 m - a scroll of noise {unknown}
Potions
 k - a potion of cancellation {unknown}
Comestibles
 f - 6 rations {!d}


   Skills:
 + Level 6.5 Fighting
 + Level 0.5 Short Blades
 + Level 0.5 Long Blades
 + Level 0.5 Axes
 + Level 4.5 Maces & Flails
 + Level 0.5 Polearms
 + Level 0.5 Staves
 + Level 0.5 Slings
 + Level 0.5 Bows
 + Level 0.5 Crossbows
 + Level 0.5 Throwing
 + Level 6.5 Armour
 + Level 0.5 Dodging
 + Level 0.5 Stealth
 + Level 6.5 Shields
 + Level 0.5 Unarmed Combat
 + Level 0.5 Spellcasting
 + Level 0.4 Conjurations
 + Level 0.4 Hexes
 + Level 0.4 Charms
 + Level 0.4 Summonings
 + Level 0.4 Necromancy
 + Level 0.4 Translocations
 + Level 0.4 Transmutations
 + Level 0.4 Fire Magic
 + Level 0.4 Ice Magic
 + Level 0.4 Air Magic
 + Level 0.4 Earth Magic
 + Level 0.4 Poison Magic
 + Level 0.7 Invocations
 + Level 0.5 Evocations


You had 2 spell levels left.
You didn't know any spells.
Your spell library was empty.

Dungeon Overview and Level Annotations

Branches:
Dungeon (2/12)

Altars:

Annotations:
D:2 Sigmund


Innate Abilities, Weirdness & Mutations

Your experience applies equally to all skills.
You have very sharp teeth.
Your uncanny sense of smell can sniff out nearby items.


Message History

Sigmund hits you with a +2 scythe of slicing.
You sock Sigmund!
Sigmund is almost dead.
Sigmund casts a spell at you.
You are confused.
You closely miss Sigmund.
Sigmund is almost dead.
Sigmund closely misses you.
Sigmund hits you from afar with a +2 scythe of slicing.
Sigmund mumbles some strange words.
Sigmund flickers and vanishes!
Deactivating autopickup; reactivate with Ctrl-A.
You're too confused to move!
You hear some strange, mumbled words.
A puff of flame appears from out of thin air!
The puff of flame hits you!
* * * LOW HITPOINT WARNING * * *
You feel less confused. Something hits you!
You die...

#. ...# #..# #..#
#..###..#
#..#....####..
#..#.#........#
#.......#####..
##......#
#...†##......
#@..<# ......
#.#### ......
#........#......∆
#..#.#.#.# .....
#.?#.#.# .... #.
#.. # #. ##. # .
..


There were no monsters in sight!

Vanquished Creatures
  An ooze (D:1)
  A leopard gecko (D:1)
  A giant cockroach (D:1)
  3 goblins (D:1)
  2 hobgoblins (D:1)
  A quokka (D:1)
  4 bats
  2 frilled lizards (D:1)
  A kobold (D:1)
  2 rats (D:1)
  A plant (D:1)
19 creatures vanquished.

Notes
Turn   | Place    | Note
-------+----------+-------------------------------------------
     0 | D:1      | Freyura the Gnoll Fighter began the quest for the Orb.
     0 | D:1      | Reached XP level 1. HP: 23/23 MP: 1/1
   185 | D:1      | Reached XP level 2. HP: 29/29 MP: 2/2
   840 | D:2      | Noticed Sigmund
  1241 | D:2      | Slain by Sigmund

Action                   || total
-------------------------++-------
Melee: Flail             ||    75
       Bite              ||     6
  Use: Potion            ||     1
  Eat: Ration            ||     1
Armor: Scale mail        ||    33
Dodge: Dodged            ||    13
Block: Shield            ||    32
